 Dungeon Crawl Stone Soup version 0.27.0-1-g7a089689b8 (webtiles) character file.

Game seed: 17373272064774883315

28 Hypnoxylon the Sneak (level 3, -6/22 HPs)
             Began as a Kobold Brigand on Aug 10, 2021.
             Mangled by a worm (9 damage)
             ... on level 2 of the Dungeon.
             The game lasted 00:08:02 (1260 turns).

Hypnoxylon the Sneak (Kobold Brigand)               Turns: 1260, Time: 00:08:02

Health: -6/22      AC:  3    Str:  9    XL:     3   Next: 27%
Magic:  3/3        EV: 14    Int: 12    God:
Gold:   66         SH:  0    Dex: 16    Spells: 2/2 levels left

rFire    . . .     SeeInvis .   a - +2 dagger
rCold    . . .     Faith    .   (shield restricted)
rNeg     . . .     Spirit   .   k - +0 robe
rPois    .         Reflect  .   (no helmet)
rElec    .         Harm     .   c - +0 cloak
rCorr    .         Rampage  .   (no gloves)
Will     .....                  (no boots)
Stlth    ++++......             (no amulet)
HPRegen  0.07/turn              (no ring)
MPRegen  0.08/turn              (no ring)

@: no status effects
A: small, no large weapons, nightstalker 3
a: no special abilities


You were on level 2 of the Dungeon.
You visited 1 branch of the dungeon, and saw 2 of its levels.

You collected 66 gold pieces.


Innate Abilities, Weirdness & Mutations

You are small and have problems with some larger weapons.
You are completely attuned to the shadows.


   Skills:
 + Level 2.5 Fighting
 * Level 3.6 Short Blades
 + Level 0.1(1.3) Slings
 + Level 2.6 Throwing
 - Level 1.2 Dodging
 + Level 5.6 Stealth


You had 2 spell levels left.
You didn't know any spells.
Your spell library was empty.

Inventory:

Hand Weapons
 a - a +2 dagger (weapon)
 b - a +0 vorpal hunting sling
Missiles
 d - 8 poisoned darts (quivered)
 e - 2 curare-tipped darts {!Q}
 g - 25 stones
 m - 13 bolts
Armour
 c - a +0 cloak (worn)
 k - a +0 robe (worn)
Jewellery
 l - a ring of protection from fire
Wands
 o - a wand of acid (4)
Scrolls
 f - 2 scrolls of teleportation {unknown}
 i - 2 scrolls of enchant armour {unknown}
 j - 2 scrolls of identify {unknown}
Potions
 h - a potion of brilliance {unknown}
 n - a potion of lignification {unknown}


Message History

You barely miss the worm.
The worm is lightly wounded.
You barely miss the worm.
The worm is lightly wounded.
The worm barely misses you.
You hit the worm but do no damage.
The worm is lightly wounded.
You barely miss the worm.
The worm is lightly wounded.
The worm completely misses you.
You hit the worm.
The worm is moderately wounded.
You hit the worm.
The worm is moderately wounded.
The worm bites you.
You hit the worm.
The worm is moderately wounded.
You barely miss the worm.
The worm is moderately wounded.
The worm bites you.
* * * LOW HITPOINT WARNING * * *
You hit the worm.
The worm is heavily wounded.
You hit the worm.
The worm is heavily wounded.
The worm bites you!
* * * LOW HITPOINT WARNING * * *
You hit the worm.
The worm is heavily wounded.
You hit the worm.
The worm is severely wounded.
The worm barely misses you.
You hit the worm but do no damage.
The worm is severely wounded.
Okay, then.
Aiming: Corrosive Bolt
Press: ? - help, Shift-Dir - straight line, f/p - worm
Aim: a worm (severely wounded, 90% to hit)
The bolt of acid misses the worm.
The worm bites you!
You die...

#.#.## #.#...
###########+####### #.####
#.................# #.#.....
#.............###.# #.######
##...........%.# #.# #.#.....
..........##+#.###.###.#.####
..............<..............
#......#...#@###########.##.#
............w............##.#
#.####...####(##########+##.#
#. ##### #.# #.. #(# ### #(##
####..# ......# .......#


You could see a worm.

Vanquished Creatures
  A dart slug (D:1)
  5 ball pythons
  2 endoplasms (D:1)
  2 goblins (D:1)
  3 hobgoblins
  A kobold (D:1)
  A quokka (D:1)
  5 bats (D:1)
  2 frilled lizards (D:1)
  A rat (D:1)
23 creatures vanquished.

Notes
Turn   | Place    | Note
-------+----------+-------------------------------------------
     0 | D:1      | Hypnoxylon the Kobold Brigand began the quest for the Orb.
     0 | D:1      | Reached XP level 1. HP: 12/12 MP: 1/1
    95 | D:1      | Reached skill level 3 in Short Blades
   322 | D:1      | Reached XP level 2. HP: 17/18 MP: 2/2
   733 | D:1      | Reached XP level 3. HP: 22/22 MP: 3/3
  1255 | D:2      | HP: 3/22 [worm (8)]
  1260 | D:2      | Mangled by a worm

Levels and vault maps discovered:
D:1:      mushboom_english_gardens, layout_basic, serial_bayou_pond_e
D:2:      layout_basic, basic_ecumenical_altar, serial_park_tiny_2

Action                   || total
-------------------------++-------
Melee: Dagger            ||    64
 Fire: Hunting sling     ||     6
Evoke: Wand              ||     1
 Stab: Sleeping          ||    10
Armor: Robe              ||     8
Dodge: Dodged            ||    28
